 Dungeon Crawl Stone Soup version 0.25-a0-479-g8579842 (webtiles) character file.

Game seed: 14591793980234429753, levelgen mode: deterministic

35 Coldstonesans the Stinger (level 3, -2/22 HPs)
             Began as an Octopode Venom Mage on Feb 10, 2020.
             Slain by a kobold
             ... wielding a +2 whip of draining
              (6 damage)
             ... on level 2 of the Dungeon.
             The game lasted 00:01:28 (1321 turns).

Coldstonesans the Stinger (Octopode Venom Mage)     Turns: 1321, Time: 00:01:29

Health: -2/22      AC:  1    Str:  7    XL:     3   Next: 33%
Magic:  2/6        EV: 13    Int: 18    God:
Gold:   27         SH:  0    Dex: 12    Spells: 3/6 levels left

rFire    . . .     SeeInvis .   g - +0 short sword
rCold    . . .     Gourm    .   (no shield)
rNeg     . . .     Faith    .   (helmet restricted)
rPois    .         Spirit   .   (no amulet)
rElec    .         Reflect  .   (no ring)
rCorr    .         Harm     .   (no ring)
MR       .....                  (no ring)
Stlth    +++.......             (no ring)
HPRegen  0.07/turn              (no ring)
MPRegen  0.10/turn              (no ring)
                                (no ring)
                                (no ring)

@: lightly drained
A: almost no armour, stealthy swim, amphibious, 8 rings, constrict 8, camouflage
1, gelatinous body 1
a: no special abilities


You were on level 2 of the Dungeon.
You were hungry.

You visited 1 branch of the dungeon, and saw 2 of its levels.

You collected 27 gold pieces.

Inventory:

Hand Weapons
 g - a +0 short sword (weapon)
Scrolls
 a - 2 scrolls of identify {unknown}
 f - 4 scrolls of teleportation {unknown}
 h - a scroll of blinking {unknown}
Potions
 c - a potion of lignification {unknown}
 d - 2 potions of might {unknown}
 e - a potion of haste {unknown}
Comestibles
 b - a ration


   Skills:
 + Level 0.5(0.2) Fighting
 + Level 2.3(2.0) Dodging
 + Level 3.0(2.8) Stealth
 + Level 2.1(1.9) Spellcasting
 + Level 1.3(1.1) Transmutations
 * Level 4.3(4.0) Poison Magic


You had 3 spell levels left.
You knew the following spells:

 Your Spells              Type           Power        Failure   Level  Hunger
a - Sting                 Tmut/Pois      ##..         6%          1    #......
b - Poisonous Vapours     Pois/Air       #.....       12%         2    ###....

Your spell library contained the following spells:

 Spells                   Type           Power        Failure   Level  Hunger
 Ignite Poison            Fire/Tmut/Pois #.......     26%         3    ###....
 Mephitic Cloud           Conj/Pois/Air  #.......     32%         3    ###....
 Olgreb's Toxic Radiance  Pois           ###.....     34%         4    #####..


Dungeon Overview and Level Annotations

Branches:
Dungeon (2/15)

Altars:
Hepliaklqana


Innate Abilities, Weirdness & Mutations

You cannot wear most types of armour.
You are very stealthy in the water. (Stealth+)
You are amphibious.
You can wear up to eight rings at the same time.
You can use your tentacles to constrict eight enemies at once.
Your skin changes colour to match your surroundings (Stealth+).
Your rubbery body absorbs attacks. (AC +1, EV +1)


Message History

You hit the rat.
You kill the rat!
The kobold barely misses you. The orc closely misses you.
The kobold hits you with a +2 whip of draining!
You feel drained. The orc barely misses you.
Found a hazy altar of Hepliaklqana.
You closely miss the orc. Your grab misses the orc.
The orc is almost dead.
The kobold closely misses you. The orc hits you with a +0 trident.
* * * LOW HITPOINT WARNING * * *
Unknown command.
You kill the orc!
Casting: Sting (safe; 6% risk of failure)
Confirm with . or Enter, or press ? or * to list all spells.
Aiming: Sting (safe; 6% risk of failure)
Press: ? - help, Shift-Dir - straight line, f - kobold
Aim: a kobold, wielding a +2 whip of draining and wearing an uncursed ring of magical power The sting misses the kobold.
The kobold hits you with a +2 whip of draining.
You die...

#. #....?.#_ ...#......#
...#......# ......)..#
#.. #.......# #####..
#.#.......# .......
......).)# .# #.....
........K# ...#.#.....
........@# #..#.......
.........# ####..........
...#.....###.............
.........................
...##.######............[
........####.............
...##.#......##..........
. ######.............
#.............


You could see a kobold.

Vanquished Creatures
  2 dart slugs
  An orc (D:2)
  3 goblins
  4 hobgoblins (D:1)
  2 jackals (D:2)
  3 bats
  3 frilled lizards
  5 kobolds
  7 rats
30 creatures vanquished.

Notes
Turn   | Place    | Note
-------+----------+-------------------------------------------
     0 | D:1      | Coldstonesans the Octopode Venom Mage began the quest for
                  | the Orb.
     0 | D:1      | Reached XP level 1. HP: 11/11 MP: 3/3
   199 | D:1      | Reached XP level 2. HP: 15/17 MP: 0/5
   375 | D:1      | Reached skill level 4 in Poison Magic
  1122 | D:2      | Reached XP level 3. HP: 15/22 MP: 1/6
  1302 | D:2      | Learned a level 2 spell: Poisonous Vapours
  1318 | D:2      | Found a hazy altar of Hepliaklqana.
  1321 | D:2      | Slain by a kobold

Levels and vault maps discovered:
D:1:      dpeg_arrival_round_b, layout_basic, minmay_misc_feat_ornament
D:2:      layout_rooms, nicolae_overflow_hidden_temple, columned_hall_lemuel

Skill      XL: |  1  2 |
---------------+-------+-----
Poison Magic   | 4 |  4.3
Stealth        | 3 |  3.0
Fighting       | |  0.5
Dodging        | |  2.3
Spellcasting   | |  2.1
Transmutations | |  1.3

Action                   || total
-------------------------++-------
Melee: Unarmed           ||    31
       Constrict         ||    13
       Tentacles         ||     4
       Short sword       ||     7
 Cast: Sting             ||    30
       Poisonous Vapours ||     1
 Stab: Sleeping          ||     9
  Eat: Chunk             ||     1
Armor: Skin              ||     4
Dodge: Dodged            ||    37

Table legend:
 A = Non-vault XP
 B = Vault XP
 C = Vault XP percentage of total XP
 D = Non-vault monster count
 E = Vault monster count
 F = Vault count percentage of total count
                 A         B        C        D         E       F
            +---------+---------+-------+---------+---------+-------
      Total |      50 |       0 |   0.0 |      30 |       0 |   0.0
            +---------+---------+-------+---------+---------+-------
        D:1 |      30 |       0 |   0.0 |      20 |       0 |   0.0
        D:2 |      20 |       0 |   0.0 |      10 |       0 |   0.0
            +---------+---------+-------+---------+---------+-------
